 Dungeon Sprint DCSS version 0.18-a0-1805-g8ab820f (webtiles) character file.

2179 Kidiri the Covert (level 9, -2/46 HPs)
             Began as a Spriggan Enchanter on Apr 25, 2016.
             Was a Follower of Dithmenos.
             Slain by a kraken (32 damage)
             ... in the Dungeon (Sprint II: "The Violet Keep of Menkaure").
             The game lasted 00:05:42 (1026 turns).

Kidiri the Covert (Spriggan Enchanter)              Turns: 1026, Time: 00:05:43

Health: -2/46      AC:  6    Str:  4    XL:     9   Next: 11%
Magic:  14/24      EV: 31    Int: 26    God:    Dithmenos [*.....]
Gold:   815        SH:  6    Dex: 22    Spells: 5 memorised, 16 levels left

rFire  . . .     SeeInvis +     a - +1 dagger
rCold  . . .     Gourm    .     b - +1 robe
rNeg   . . .     Faith    .     i - +0 buckler of Limited Liability {Int+6}
rPois  +         Spirit   .     (helmet restricted)
rElec  .         Dismiss  .     f - +1 cloak {rPois}
rCorr  .         Reflect  .     (gloves unavailable)
SustAt .         Harm     .     (boots unavailable)
MR     +....     NoTele   +     (no amulet)
Stlth  ++++++++..               (no ring)
                                u - +4 ring of dexterity

@: wreathed by umbra, very quick, somewhat resistant to hostile enchantments,
extraordinarily stealthy
A: unfitting armour, see invisible, clever 1, herbivore 3, speed 3, poison
resistance, shaggy fur 1, slow metabolism 2
a: Renounce Religion


You were in the Dungeon.
You worshipped Dithmenos.
Dithmenos was aware of your devotion.
You were not hungry.

You visited 1 branch You collected 1155 gold pieces.
You spent 340 gold pieces at shops.

Inventory:

Hand Weapons
 a - a +1 dagger (weapon)
Armour
 b - a +1 robe (worn)
 f - a +1 cloak of poison resistance (worn)
 i - the +0 buckler of Limited Liability (worn) {Int+6}
   (You bought it in a shop in the Dungeon)

   It affects your intelligence (+6).
Jewellery
 u - a +4 ring of dexterity (left hand)
Scrolls
 e - 3 scrolls of remove curse
 j - 2 scrolls of blinking
 k - a scroll of immolation {unknown}
 r - a scroll of magic mapping {unknown}
 w - 2 scrolls of random uselessness {unknown}
 x - a scroll of enchant armour {unknown}
Potions
 g - a potion of haste
 h - 5 potions of magic
 l - a potion of agility
 n - 4 potions of heal wounds
 o - 3 potions of curing
 q - 4 potions of flight {unknown}
 s - 3 potions of resistance {unknown}
 t - a potion of degeneration {unknown}
 v - a potion of ambrosia {unknown}
Books
 c - a book of Maledictions

   Spells                             Type                      Level
   a - Corona                         Hexes                        1
   b - Ensorcelled Hibernation        Hexes/Ice                    2
   c - Confuse                        Hexes                        3
   d - Tukima's Dance                 Hexes                        3
   e - Dazzling Spray                 Conjuration/Hexes            3
Comestibles
 d - 3 bread rations


   Skills:
 + Level 4.5 Fighting
 * Level 9.1 Short Blades
 + Level 4.3 Armour
 * Level 12.0 Dodging
 * Level 13.1 Stealth
 * Level 10.2 Spellcasting
 + Level 3.1 Conjurations
 + Level 7.9 Hexes
 + Level 4.5 Ice Magic
 - Level 2.4 Invocations


You had 16 spell levels left.
You knew the following spells:

 Your Spells              Type           Power        Failure   Level  Hunger
a - Corona                Hex            ######.      1%          1    None
b - Ensorcelled Hibernat  Hex/Ice        #####.       1%          2    None
c - Confuse               Hex            ######..     1%          3    None
d - Tukima's Dance        Hex            ######..     1%          3    None
e - Dazzling Spray        Conj/Hex       #####...     2%          3    None


Dungeon Overview and Level Annotations

Branches:
Dungeon (1/1)

Altars:
Cheibriados
Dithmenos
Elyvilon
Fedhas
Gozag
Kikubaaqudgha
Makhleb
Nemelex Xobeh
Okawaru
Pakellas
Qazlal
Ru
Sif Muna
Trog
Vehumet
Xom
Yredelemnul
Zin
The Shining One
Beogh
Jiyva
Lugonu

Shops:
D ?::[%[(=!*!}[[:=

Annotations:
D exclusions: obsidian statue and oklob plant


Innate Abilities, Weirdness & Mutations

You are tiny and cannot use many weapons and most armour.
You have supernaturally acute eyesight.
You are a herbivore.
You cover ground extremely quickly.
You need consume almost no food.
Your mind is acute. (Int +2)
Your system is resistant to poisons.
You are covered in fur (AC +1).


Message History

The kraken resists with some effort.
The kraken barely misses you. The kraken misses you.
Casting: Confuse
Confirm with . or Enter, or press ? or * to list all spells.
Aiming: Dazzling Spray
Press: ? - help, Shift-Dir - straight line, f/p - kraken
Aim: a kraken (water, heavily wounded, umbra)
The spray of energy hits the kraken.
The kraken is heavily wounded.
The kraken completely misses you.
Casting: Dazzling Spray
Confirm with . or Enter, or press ? or * to list all spells.
Aiming: Dazzling Spray
Press: ? - help, Shift-Dir - straight line, f/p - kraken
Aim: a kraken (water, heavily wounded, umbra)
The spray of energy hits the kraken.
The kraken is heavily wounded.
Tentacles burst out of the water!
The kraken bites you!!
Ouch! That really hurt!
You die...

#[:▓(..)).((▓▓
.####:)▓.[......▓▓
...####▓[.(.(.(.▓▓
#..##)#▓[.......▓▓
+..#..#▓....)..[▓▓
#..#%.#▓[).%(.).▓▓
#..##.#▓.([%..%=▓▓
##...##▓▓▓▓▓▓▓'▓▓▓▓+▓
.≈≈≈≈≈≈≈≈≈≈≈≈≈..@Xw≈▓
.≈#+########+###www≈▓
.≈#_._._...#t≈§##≈≈≈▓
.≈#._._._..#§§≈§####▓
≈≈#_._._._.#§§§§§
≈≈#._._._._#≈≈§≈§
§≈#.._._._.#≈≈§§
§≈#..._._._#≈≈§
≈≈#...._._.#≈§§


You could see a kraken and 4 tentacles.

Vanquished Creatures
  A siren (D)
  A yaktaur (D)
  3 polar bears (D)
  2 boulder beetles (D)
  Menkaure (D)
  A wasp (D)
  4 necrophages (D)
  A hell rat (D)
  3 worms (D)
17 creatures vanquished.

Vanquished Creatures (others)
  A crocodile (D)
1 creature vanquished.

Grand Total: 18 creatures vanquished

Notes
Turn   | Place    | Note
--------------------------------------------------------------
     0 | D        | Kidiri the Spriggan Enchanter began the quest for the Orb.
     0 | D        | Reached XP level 1. HP: 9/9 MP: 5/5
    10 | D        | Reached skill level 5 in Stealth
    42 | D        | Reached XP level 2. HP: 4/14 MP: 5/7
    68 | D        | Learned a level 2 spell: Ensorcelled Hibernation
    93 | D        | Killed a crocodile
   269 | D        | Noticed a necrophage
   269 | D        | Noticed a necrophage
   269 | D        | Noticed a necrophage
   269 | D        | Noticed a necrophage
   276 | D        | Killed a necrophage
   276 | D        | Reached skill level 1 in Fighting
   276 | D        | Reached skill level 1 in Armour
   276 | D        | Reached skill level 7 in Stealth
   276 | D        | Reached skill level 1 in Ice Magic
   276 | D        | Reached XP level 3. HP: 18/18 MP: 8/10
   276 | D        | Reached XP level 4. HP: 22/22 MP: 8/11
   291 | D        | Killed a necrophage
   291 | D        | Reached skill level 8 in Stealth
   291 | D        | Reached skill level 5 in Spellcasting
   291 | D        | Reached skill level 5 in Hexes
   291 | D        | Reached XP level 5. HP: 25/25 MP: 10/14
   310 | D        | Learned a level 3 spell: Confuse
   315 | D        | Killed a necrophage
   315 | D        | Reached skill level 5 in Short Blades
   315 | D        | Reached skill level 9 in Stealth
   322 | D        | Killed a necrophage
   322 | D        | Reached XP level 6. HP: 14/32 MP: 2/17
   341 | D        | Learned a level 3 spell: Tukima's Dance
   345 | D        | Learned a level 3 spell: Dazzling Spray
   555 | D        | Noticed a siren
   558 | D        | Killed a siren
   558 | D        | Reached skill level 11 in Stealth
   558 | D        | Reached skill level 1 in Conjurations
   558 | D        | Reached XP level 7. HP: 36/36 MP: 17/19
   567 | D        | Noticed a boulder beetle
   567 | D        | Noticed a boulder beetle
   578 | D        | Killed a boulder beetle
   578 | D        | Reached skill level 10 in Dodging
   583 | D        | Killed a boulder beetle
   583 | D        | Reached XP level 8. HP: 14/42 MP: 7/22
   595 | D        | Noticed an obsidian statue
   597 | D        | Noticed Menkaure
   598 | D        | Found Etwe Owi's Book Shoppe.
   598 | D        | Found Toogol's Jewellery Emporium.
   601 | D        | Found Daetih's Antique Armour Shoppe.
   601 | D        | Found Ciog's Armour Emporium.
   602 | D        | Found Kelou's Distillery.
   602 | D        | Found Nimomotifri's Gadget Emporium.
   603 | D        | Killed Menkaure
   603 | D        | Reached skill level 12 in Stealth
   628 | D        | Found Peosur's Assorted Antiques.
   628 | D        | Found Asuwelei's Distillery.
   635 | D        | Found Giel's Jewellery Shoppe.
   637 | D        | Found Ocow's Antique Weapon Shoppe.
   637 | D        | Found Jauqei's Antique Armour Emporium.
   641 | D        | Found Qoseam's Food Emporium.
   641 | D        | Found Acefiliu's Armour Shoppe.
   641 | D        | Noticed an oklob plant
   642 | D        | Found Iczuif's Book Shoppe.
   642 | D        | Found Niomig's Magic Scroll Emporium.
   642 | D        | Found Rikuiclo's Book Shoppe.
   643 | D        | Noticed a slime creature
   646 | D        | Noticed a griffon
   646 | D        | Noticed a griffon
   652 | D        | Noticed a griffon
   660 | D        | Bought a glowing cloak for 108 gold pieces
   668 | D        | Bought the cursed +0 buckler of Limited Liability {Int+6} for 232 gold pieces
   696 | D        | Noticed a slime creature
   728 | D        | Found a burning altar of Makhleb.
   728 | D        | Found a sparkling altar of Nemelex Xobeh.
   729 | D        | Found a corrupted altar of Lugonu.
   729 | D        | Found a blossoming altar of Fedhas.
   730 | D        | Found a glowing golden altar of the Shining One.
   730 | D        | Found an opulent altar of Gozag.
   730 | D        | Found a glowing silver altar of Zin.
   732 | D        | Found an iron altar of Okawaru.
   732 | D        | Found a basalt altar of Yredelemnul.
   732 | D        | Found a sacrificial altar of Ru.
   733 | D        | Found a radiant altar of Vehumet.
   733 | D        | Found a bloodstained altar of Trog.
   733 | D        | Found a stormy altar of Qazlal.
   734 | D        | Found a white marble altar of Elyvilon.
   734 | D        | Found a roughly hewn altar of Beogh.
   734 | D        | Found a snail-covered altar of Cheibriados.
   735 | D        | Found an ancient bone altar of Kikubaaqudgha.
   735 | D        | Found a shimmering altar of Xom.
   737 | D        | Found a deep blue altar of Sif Muna.
   737 | D        | Found a viscous altar of Jiyva.
   737 | D        | Found a shadowy altar of Dithmenos.
   737 | D        | Found an oddly glowing altar of Pakellas.
   737 | D        | Noticed a polar bear
   738 | D        | Noticed a yaktaur
   741 | D        | Noticed a flying skull
   744 | D        | Noticed a flying skull
   745 | D        | Became a worshipper of Dithmenos the Shadowed
   866 | D        | Noticed a polar bear
   866 | D        | Noticed a polar bear
   867 | D        | Killed a polar bear
   867 | D        | Reached skill level 1 in Invocations
   868 | D        | Killed a polar bear
   870 | D        | Reached * piety under Dithmenos
   871 | D        | Killed a polar bear
   871 | D        | Reached skill level 10 in Spellcasting
   873 | D        | Killed a yaktaur
   873 | D        | Reached skill level 13 in Stealth
   873 | D        | Reached XP level 9. HP: 46/46 MP: 22/24
   891 | D        | Noticed a kraken
  1017 | D        | Gained mutation: You are covered in fur (AC +1). [potion of mutation]
  1017 | D        | Gained mutation: Your system is resistant to poisons. [potion of mutation]
  1017 | D        | Gained mutation: Your mind is acute. (Int +2) [potion of mutation]
  1026 | D        | Slain by a kraken

Vault maps used:
D:        the_violet_keep_of_menkaure

Skill      XL: |  1  2  3  4  5  6  7  8 |
---------------+-------------------------+-----
Spellcasting   | 3 4 5 7 8 9 10 | 10.2
Stealth        | 5 7 8 9 11 13 | 13.1
Short Blades   | 2 3 4 6 7 9 |  9.1
Dodging        | 4 6 7 8 9 10 12 | 12.0
Fighting       | 1 2 3 4 |  4.5
Armour         | 1 2 3 4 |  4.3
Hexes          | 4 5 6 7 |  7.9
Ice Magic      | 1 2 3 4 |  4.5
Conjurations   | 1 2 3 |  3.1
Invocations    | 2 |  2.4

Action                   |  1- 3 |  4- 6 |  7- 9 || total
-------------------------+-------+-------+-------++-------
Melee: Dagger            |    26 |    21 |    15 ||    62
 Cast: Corona            |     3 |       |       ||     3
       Confuse           |       |     4 |     5 ||     9
       Ensorcelled Hiber |       |       |     3 ||     3
       Dazzling Spray    |       |       |     2 ||     2
  Use: Potion            |     2 |     1 |     1 ||     4
       Scroll            |       |       |     3 ||     3
 Stab: Sleeping          |     2 |     1 |     9 ||    12
       Confused          |       |     2 |     3 ||     5
Armor: Robe              |     1 |       |       ||     1
Dodge: Dodged            |    18 |    35 |     6 ||    59
